 Dungeon Crawl Stone Soup version 0.26-a0-639-g72c4674 (webtiles) character file.

Game seed: 15434120159545705956

78 Hienro the Skirmisher (level 4, -5/37 HPs)
             Began as a Demonspawn Chaos Knight on Sept 14, 2020.
             Was a Plaything of Xom.
             Slain by Robin the yak (shapeshifter) (14 damage)
             ... on level 2 of the Dungeon.
             The game lasted 00:02:16 (1390 turns).

Hienro the Skirmisher (Demonspawn Chaos Knight)     Turns: 1390, Time: 00:02:16

Health: -5/37      AC: 11    Str: 13    XL:     4   Next: 15%
Magic:  4/4        EV: 11    Int: 13    God:    Xom [*.....]
Gold:   55         SH:  0    Dex: 13    Spells: 3/3 levels left

rFire    . . .     SeeInvis +   a - +0 hand axe (chaos)
rCold    . . .     Faith    .   (no shield)
rNeg     . . .     Spirit   .   e - +0 chain mail
rPois    .         Reflect  .   (helmet restricted)
rElec    .         Harm     .   k - +0 cloak
rCorr    .         Rampage  .   f - +0 pair of gloves
MR       .....     Clarity  +   (no boots)
Stlth    ..........             (no amulet)
HPRegen  0.12/turn              h - ring of see invisible
MPRegen  0.09/turn              (no ring)

@: agile, hasted, very quick
A: antennae 1, blurry vision 1, clarity, mutation resistance 1, powered by pain
1
a: Renounce Religion


You were on level 2 of the Dungeon.
You worshipped Xom.
You were a special plaything of Xom.
You visited 1 branch of the dungeon, and saw 2 of its levels.

You collected 55 gold pieces.

Inventory:

Hand Weapons
 a - a +0 hand axe of chaos (weapon)
Armour
 e - a +0 chain mail (worn)
 f - a +0 pair of gloves (worn)
 k - a +0 cloak (worn)
Jewellery
 h - a ring of see invisible (left hand)
Scrolls
 b - a scroll of amnesia
 i - a scroll of teleportation {unknown}
Potions
 c - a potion of heal wounds
 d - a potion of stabbing


   Skills:
 + Level 3.7 Fighting
 + Level 3.6 Axes
 + Level 2.2 Armour
 + Level 1.1 Dodging
 + Level 0.2 Stealth


You had 3 spell levels left.
You didn't know any spells.
Your spell library was empty.

Dungeon Overview and Level Annotations

Branches:
Dungeon (2/15)

Altars:
Kikubaaqudgha

Annotations:
D:2 Robin


Innate Abilities, Weirdness & Mutations

You sometimes gain a little power by taking damage.
You have a pair of small antennae on your head.
Scrolls take you a little longer to read.
You possess an exceptional clarity of mind.
You are somewhat resistant to further mutation.


Message History

Robin is heavily wounded.
You hit Robin.
Robin seems to grow stronger.
Robin is heavily wounded.
Robin gores you!
* * * LOW HITPOINT WARNING * * *
You focus on the pain.
You feel agile all of a sudden.
You completely miss Robin.
Robin is heavily wounded.
Robin gores you but does no damage.
You hit Robin but do no damage.
Robin is heavily wounded.
Your chain mail prevents you from hitting Robin.
Robin is heavily wounded.
Robin barely misses you.
You hit Robin but do no damage.
Robin is heavily wounded.
Robin gores you!
You die...
Xom chortles!

#........# #........#
#.^......# #........#
#####........#
#...####.#####
#############.####.....รท
......)))........<..####
......Y@(.###.###...# #
..b...$)b.....# #...# #
.!b...b...##### #...# #
...b.b....# ##### #
#.........# # ##........#
# #.######## # #. # #


You could see Robin the yak shaped shifter (strong).

Vanquished Creatures
  Crazy Yiuf (D:2)
  3 dart slugs (D:1)
  2 bat zombies (D:2)
  13 goblins
  7 hobgoblins
  A jackal (D:1)
  A bat (D:1)
  A frilled lizard (D:2)
  3 kobolds
  5 rats
  A rat zombie (D:2)
38 creatures vanquished.

Notes
Turn   | Place    | Note
-------+----------+-------------------------------------------
     0 | D:1      | Hienro the Demonspawn Chaos Knight began the quest for the
                  | Orb.
     0 | D:1      | Reached XP level 1. HP: 18/18 MP: 1/1
   175 | D:1      | Gained mutation: You sometimes gain a little power by
                  | taking damage. [demonic ancestry]
   175 | D:1      | Reached XP level 2. HP: 24/24 MP: 2/2
   318 | D:1      | XOM: silly message
   580 | D:1      | Reached skill level 1 in Dodging
   676 | D:2      | XOM: summons 2 hostile demons
  1033 | D:2      | Reached XP level 3. HP: 26/29 MP: 3/3
  1123 | D:2      | Found an ancient bone altar of Kikubaaqudgha.
  1234 | D:2      | Found a runed translucent door.
  1235 | D:2      | Noticed Crazy Yiuf
  1248 | D:2      | Killed Crazy Yiuf
  1358 | D:2      | Noticed Robin
  1361 | D:2      | XOM: noise
  1364 | D:2      | Reached XP level 4. HP: 31/37 MP: 4/4
  1369 | D:2      | Noticed Robin
  1369 | D:2      | Robin changed into Robin the shapeshifter
  1369 | D:2      | Noticed Robin
  1369 | D:2      | Robin the shapeshifter changed into Robin the yaktaur
  1378 | D:2      | Gained mutation: Scrolls take you a little longer to read.
                  | [potion of mutation]
  1378 | D:2      | Gained mutation: You have a pair of small antennae on your
                  | head. [potion of mutation]
  1378 | D:2      | Gained mutation: You possess an exceptional clarity of
                  | mind. [potion of mutation]
  1378 | D:2      | Gained mutation: You are somewhat resistant to further
                  | mutation. [potion of mutation]
  1380 | D:2      | XOM: butterfly on damage
  1381 | D:2      | Noticed Robin
  1381 | D:2      | Robin the yaktaur changed into Robin the yak
  1390 | D:2      | Slain by Robin the yak (shapeshifter)

Illustrated notes

Levels and vault maps discovered:
D:1:      dpeg_arrival_rooms_c, layout_basic, minmay_tromino_v4_c
D:2:      layout_basic, chequers_temple_overflow_minitemple,
          lemuel_zombie_altar_kikubaaqudgha, uniq_robin, uniq_crazy_yiuf_cottage

Skill      XL: |  1  2 |
---------------+-------+-----
Axes           | 3 |  3.6
Armour         | 2 |  2.2
Dodging        | 1 |  1.1
Fighting       | |  3.7
Stealth        | |  0.2

Action                   |  1- 3 |  4- 6 || total
-------------------------+-------+-------++-------
Melee: Hand axe          |   106 |    23 ||   129
  Use: Scroll            |     6 |       ||     6
       Potion            |       |     3 ||     3
Armor: Leather armour    |    24 |       ||    24
       Chain mail        |    33 |    10 ||    43
Dodge: Dodged            |    61 |     8 ||    69

Table legend: (Time is in decaauts)
 A = Elapsed time spent in this place.
 B = Non-inter-level travel time spent in this place.
 C = Inter-level travel time spent in this place.
 D = Time resting spent in this place.
 E = Time spent auto-exploring this place.
 F = Levels seen in this place.
 G = Mean time per level.
                   A        B        C        D        E       F      G
               +--------+--------+--------+--------+--------+-----+--------+
         Total |   1404 |   1381 |     23 |      0 |   1089 |   2 |  702.0 |
       Dungeon |   1404 |   1381 |     23 |      0 |   1089 |   2 |  702.0 |
               +--------+--------+--------+--------+--------+-----+--------+

Top non-repeatable levels by time:
     D:2: 764 daAuts
     D:1: 640 daAuts
